 Dungeon Crawl Stone Soup version 0.19-a0-805-g0a78ef0 (webtiles) character file.

143 Stormbringer the Insei (level 5, 0/41 HPs)
             Began as a Mummy Monk on June 27, 2016.
             Slain by a phantom (7 damage)
             ... on level 4 of the Dungeon.
             The game lasted 00:06:42 (4237 turns).

Stormbringer the Insei (Mummy Monk)                 Turns: 4237, Time: 00:06:42

Health: 0/41       AC:  5    Str: 14    XL:     5   Next: 4%
Magic:  5/5        EV: 14    Int:  9    God:
Gold:   159        SH:  0    Dex: 16    Spells: 0 memorised, 4 levels left

rFire  x . .     SeeInvis .       - Unarmed
rCold  + . .     Gourm    .     (no armour)
rNeg   + + +     Faith    .     (no shield)
rPois  ∞         Spirit   .     (no helmet)
rElec  .         Dismiss  .     d - +0 cloak
rCorr  .         Reflect  .     (no gloves)
SustAt .         Harm     .     h - +0 pair of boots
MR     .....                    (no amulet)
Stlth  ++........               e - +3 ring of protection
                                (no ring)

@: not resistant to hostile enchantments, unstealthy
A: no food or potions, fire vulnerability, cold resistance 1, negative energy
resistance 3, torment resistance, unbreathing
a: no special abilities


You were on level 4 of the Dungeon.
You were not hungry.

You visited 1 branch of the dungeon, and saw 4 of its levels.

You collected 159 gold pieces.


Innate Abilities, Weirdness & Mutations

You do not eat or drink.
Your flesh is vulnerable to fire.
You are immune to poison.
Your flesh is cold resistant. (rC+)
You are immune to negative energy. (rN+++)
You are immune to unholy pain and torment.
You can survive without breathing.


   Skills:
 - Level 3.0 Fighting
 + Level 3.4 Dodging
 - Level 1.5 Stealth
 - Level 4.0 Unarmed Combat


You had 4 spell levels left.
You didn't know any spells.

Inventory:

Missiles
 f - 53 arrows (quivered)
 i - 3 poisoned needles
Armour
 d - a +0 cloak (worn)
 h - a +0 pair of boots (worn)
Jewellery
 e - a +3 ring of protection (right hand)
 g - an uncursed amulet of the gourmand {unknown}
Scrolls
 a - 4 scrolls of teleportation {unknown}
 b - a scroll of blinking {unknown}
 c - 3 scrolls of remove curse {unknown}
 j - a scroll of identify {unknown}
 k - a scroll of fear {unknown}

Dungeon Overview and Level Annotations

Branches:
Dungeon (4/15)
 Temple: D:4-7

Altars:
Dithmenos
Elyvilon
Yredelemnul

Annotations:
D:3 exclusion: orc priest

▒.▒▒▒▒ ▒.▒ ▒.▒
▒.▒ ▒.▒ ▒.▒
▒.▒
▒.▒▒▒▒▒▒▒▒▒▒▒▒
▒..........WM▒
▒▒▒▒▒▒▒▒▒▒▒▒▒▒


You could see a phantom.


Message History

The phantom blinks!!!
You pulverise the phantom but do no damage!
The phantom is heavily damaged!
The phantom hits you but does no damage!
You closely miss the phantom!
The phantom is heavily damaged!
The phantom closely misses you!
You pulverise the phantom!
The phantom is severely damaged!
The phantom barely misses you!
You miss the phantom!
You punch the phantom, but do no damage!
The phantom is severely damaged!
The phantom hits you! * * * don't die
* * * You closely miss the phantom!
The phantom is severely damaged!
The phantom hits you! * * * don't die
* * * You closely miss the phantom!
The phantom is severely damaged!
The phantom completely misses you!
You closely miss the phantom! Your punch misses the phantom!
The phantom is severely damaged!
The phantom hits you! * * * don't die
* * * You miss the phantom!
The phantom is severely damaged!
The phantom hits you!!! rip

Action                   |  1- 3 |  4- 6 || total
-------------------------+-------+-------++-------
Melee: Unarmed           |   159 |   153 ||   312
       Punch             |     3 |     5 ||     8
 Stab: Sleeping          |     3 |     4 ||     7
Armor: Skin              |    26 |    31 ||    57
Dodge: Dodged            |   106 |    78 ||   184

Vault maps used:
D:1:      dpeg_arrival_pond, minmay_nonomino_d4
D:2:      grunt_dithmenos_smoke, old_standard_altar, first_bread,
          ecumenical_altar_2, kennysheep_generic_room_6
D:3:      nicolae_overflow_hidden_temple, lemuel_doored_altar
D:4:      lemuel_round_altar, uniq_menkaure

Notes
Turn   | Place    | Note
--------------------------------------------------------------
     0 | D:1      | Stormbringer the Mummy Monk began the quest for the Orb.
     0 | D:1      | Reached XP level 1. HP: 18/18 MP: 1/1
   192 | D:1      | Reached XP level 2. HP: 23/24 MP: 2/2
   228 | D:1      | Reached skill level 3 in Unarmed Combat
   569 | D:1      | HP: 1/24 [dart slug/slug dart (4)]
  1039 | D:1      | Reached XP level 3. HP: 28/29 MP: 3/3
  1411 | D:2      | Found a white marble altar of Elyvilon.
  1451 | D:2      | Found a faded altar of an unknown god.
  1616 | D:2      | Found a shadowy altar of Dithmenos.
  1857 | D:2      | Reached skill level 4 in Unarmed Combat
  1857 | D:2      | Reached XP level 4. HP: 35/35 MP: 4/4
  2614 | D:2      | Reached skill level 3 in Dodging
  3097 | D:3      | Found a basalt altar of Yredelemnul.
  3237 | D:3      | Reached XP level 5. HP: 31/41 MP: 5/5
  3986 | D:4      | Noticed a phantom
  4237 | D:4      | Slain by a phantom

Vanquished Creatures
  4 gnolls (D:2)
  3 adders (D:2)
  6 dart slugs
  2 giant geckos
  An orc (D:3)
  2 ball pythons (D:2)
  3 giant cockroaches
  2 goblins
  10 hobgoblins
  A jackal (D:1)
  8 kobolds
  A quokka (D:3)
  11 bats
  4 giant newts
  12 rats
70 creatures vanquished.
